Map: Thunderbird LE

Players

AMERICA - Winner!

  • Race: Protoss Protoss
  • League: Master
  • Spawn Location: 11:00

BeefITek

  • Race: Terran Terran
  • League: Master
  • Spawn Location: 5:00

VOD

Have the link to the VOD?

Description

Time

  • Played on: Aug. 21, 2019, 3:05 p.m.
  • Length: 15:41
Show
View Real Time Build Order
Export as new Build Order

AMERICA Protoss - Winner!

Build Orders:  

Get SALT Encoding   

  12  0:01  Probe  
  13  0:13  Probe  
  14  0:19  Pylon  
  14  0:29  Probe  
  15  0:40  Forge  
  15  0:41  Probe  
  16  1:08  Pylon  
  16  1:20  Assimilator  
  16  1:33  Photon Cannon  
  16  1:34  Gateway  
  16  1:39  Pylon  
  16  1:52  Photon Cannon  
  16  1:56  Probe  
  17  2:04  Probe, Assimilator  
  17  2:08  Assimilator  
  17  2:13  Photon Cannon, Probe, Zealot  
  20  2:24  Probe  
  20  2:29  Cybernetics Core  
  21  2:32  Probe  
  22  2:40  Probe  
  22  2:44  Pylon  
  23  2:51  Probe  
  25  3:08  Photon Cannon  
  25  3:09  Shield Battery  
  24  3:15  Stargate  
  24  3:24  Shield Battery  
  24  3:31  Shield Battery  
  24  3:47  Void Ray  
  24  3:53  Pylon  
  28  4:26  Shield Battery  
  28  4:30  Void Ray  
  32  4:34  Photon Cannon  
  32  4:53  Fleet Beacon  
  32  5:26  Photon Cannon  
  32  5:29  Tempest  
  32  5:32  Pylon  
  32  5:36  Photon Cannon  
  37  6:12  Tempest  
  42  6:36  Shield Battery  
  42  6:55  Tempest  
  42  6:56  Nexus  
  42  7:29  Tempest  
  42  7:34  Pylon  
  45  8:00  Photon Cannon  
  45  8:10  Tempest  
  45  8:11  Probe  
  50  8:19  Probe  
  52  8:28  Probe  
  53  8:36  Gateway  
  53  8:38  Probe  
  50  8:46  Probe  
  50  8:53  Tempest  
  50  8:55  Probe  
  57  9:06  Assimilator  
  57  9:07  Probe  
  58  9:18  Warp Gate  
  58  9:25  Zealot  
  58  9:28  Protoss Ground Armor Level 1  
  58  9:31  Gateway  
  61  9:38  Probe, Assimilator  
  61  9:50  Probe  
  62  10:02  Probe  
  63  10:20  Gateway  
  59  10:22  Probe  
  60  10:28  Pylon  
  60  10:37  Nexus  
  60  10:38  Tempest  
  60  10:40  Twilight Council  
  65  10:56  Shield Battery  
  65  10:58  Shield Battery  
  65  11:00  Shield Battery  
  65  11:06  Pylon  
  65  11:08  Zealot x2  
  65  11:09  Charge  
  69  11:40  Zealot x3  
  75  11:51  Probe x2  
  75  11:52  Probe  
  78  12:03  Probe x2  
  78  12:04  Probe  
  78  12:06  Protoss Ground Armor Level 2  
  81  12:19  Zealot x3  
  87  12:24  Templar Archives  
  87  12:26  Forge  
  87  12:27  Probe x3  
  90  12:30  Gateway  
  90  12:39  Dark Shrine, Probe  
  83  13:08  Psionic Storm  
  83  13:09  Protoss Ground Weapons Level 1  
  83  13:14  Zealot x3  
  89  13:22  Gateway  
  89  13:23  Probe  
  89  13:24  Gateway, Assimilator  
  90  13:36  Zealot  
  90  13:37  Zealot x3  
  81  13:59  Photon Cannon  
  81  14:05  Dark Templar  
  83  14:10  Probe  
  83  14:11  Zealot x2  
  88  14:18  Stalker  
  88  14:19  Stalker  
  92  14:27  Assimilator  
  92  14:29  Dark Templar  
  94  14:37  Stalker x3  
  100  14:40  Pylon  
  100  14:42  Pylon  
  100  15:01  Stalker x4  
  100  15:02  Stalker x2  
Show
View Real Time Build Order
Export as new Build Order

BeefITek Terran 

Build Orders:  

Get SALT Encoding   

  12  0:00  SCV  
  13  0:13  SCV  
  14  0:17  Supply Depot  
  14  0:27  SCV  
  15  0:41  Barracks, SCV  
  16  0:47  Refinery  
  16  0:59  SCV  
  17  1:11  SCV  
  18  1:25  SCV  
  19  1:29  Marine  
  20  1:43  Supply Depot  
  20  1:47  Marine  
  21  2:00  SCV  
  21  2:01  Bunker  
  22  2:05  Marine  
  23  2:16  Factory  
  23  2:17  Orbital Command  
  23  2:23  Marine  
  24  2:34  Bunker  
  24  2:45  Marine  
  25  2:59  SCV  
  25  3:02  Factory Tech Lab  
  26  3:05  Marine  
  27  3:13  SCV  
  27  3:19  Command Center  
  28  3:23  Marine  
  29  3:36  SCV  
  29  3:39  Supply Depot  
  30  3:48  Refinery  
  30  3:50  Supply Depot  
  30  3:52  Siege Tank  
  33  3:57  Barracks Reactor  
  33  4:00  SCV  
  34  4:03  Supply Depot  
  34  4:12  Starport, SCV  
  35  4:27  Command Center  
  35  4:29  SCV  
  39  4:31  Siege Tank  
  39  4:32  Orbital Command  
  39  4:35  Marine  
  36  5:03  SCV  
  36  5:04  Viking x2  
  40  5:23  Supply Depot  
  40  5:24  Widow Mine, Orbital Command  
  40  5:25  Supply Depot  
  42  5:32  Engineering Bay  
  42  5:52  Widow Mine  
  42  5:53  Viking  
  44  6:07  Orbital Command  
  44  6:22  Viking  
  44  6:23  Viking  
  45  6:34  SCV x3  
  45  6:37  Widow Mine  
  50  6:41  Supply Depot  
  50  6:57  Viking x2  
  54  7:03  Cyclone  
  48  7:36  Viking x2  
  52  7:41  SCV x2  
  54  7:50  Orbital Command  
  52  7:53  SCV  
  53  8:08  Viking  
  51  8:24  SCV x3  
  54  8:31  Cyclone  
  55  8:45  Viking x2  
  59  8:52  Barracks  
  59  8:53  Barracks  
  59  8:54  Barracks  
  59  8:58  SCV x3  
  59  8:59  Missile Turret  
  59  9:00  Missile Turret  
  62  9:04  Cyclone  
  65  9:10  SCV x2  
  65  9:15  Medivac  
  68  9:24  Missile Turret, SCV x3  
  71  9:28  Refinery  
  71  9:29  Refinery  
  71  9:33  Viking  
  71  9:36  SCV x3  
  76  9:39  Cyclone  
  79  9:48  SCV x3  
  77  10:00  SCV  
  77  10:02  Missile Turret  
  72  10:07  Viking x2  
  72  10:16  Cyclone  
  75  10:24  Missile Turret  
  75  10:37  Viking x2  
  79  10:43  Marine x3  
  82  10:53  Cyclone  
  85  10:58  Barracks  
  85  11:05  Supply Depot, Hi-Sec Auto Tracking  
  85  11:16  SCV, Marine  
  85  11:26  Siege Tank, Viking, SCV  
  85  11:27  Supply Depot  
  85  11:28  Viking  
  93  11:46  Supply Depot  
  93  11:47  Barracks Tech Lab  
  93  11:48  SCV x3  
  93  11:53  Barracks Reactor  
  96  11:54  Barracks Tech Lab, Barracks Reactor  
  96  11:55  Barracks Reactor  
  96  12:00  SCV x2  
  87  12:20  Viking  
  87  12:21  Cyclone, Viking  
  87  12:22  Marine x2  
  96  12:39  Combat Shield  
  96  12:40  Marine x2  
  96  12:41  Stimpack  
  96  12:42  Marine x4  
  96  12:43  Marine x2  
  93  12:51  Liberator  
  79  13:18  Marine x6  
  79  13:19  Marine  
  84  13:24  SCV x2  
  73  13:41  Marine  
  73  13:42  Marine x4  
  64  14:00  Viking  
  64  14:01  Marine x2  
  61  14:16  Liberator  
  61  14:18  Medivac  
  65  14:41  SCV  
  65  14:43  Orbital Command  
  65  14:45  Marine  
Tags
 
Add a new tag
Caveats
  • Supply blocks, unpowered buildings, or Contaminate may cause inaccurate times.
  • Supply counts are checked every 10 seconds.